 Dungeon Crawl Stone Soup version 0.24.0-28-g17ded55e90 (webtiles) character file.

Game seed: 12672336722556494563, levelgen mode: deterministic

33 Nattfarinn the Conjurer (level 3, -1/19 HPs)
             Began as a Deep Elf Conjurer on Nov 12, 2019.
             Slain by Sigmund
             ... wielding a +0 scythe
              (9 damage)
             ... on level 2 of the Dungeon.
             The game lasted 00:03:36 (1398 turns).

Nattfarinn the Conjurer (Deep Elf Conjurer)         Turns: 1398, Time: 00:03:36

Health: -1/19      AC:  3    Str:  5    XL:     3   Next: 12%
Magic:  2/10       EV: 13    Int: 20    God:
Gold:   67         SH:  0    Dex: 15    Spells: 6/9 levels left

rFire    + . .     SeeInvis .   (no weapon)
rCold    x . .     Gourm    .   (no shield)
rNeg     . . .     Faith    .   a - +0 robe
rPois    .         Spirit   .   e - +0 helmet
rElec    .         Reflect  .   (no cloak)
rCorr    .         Harm     .   (no gloves)
MR       .....                  (no boots)
Stlth    ++........             (no amulet)
HPRegen  0.06/turn              i - ring of fire
MPRegen  0.12/turn              (no ring)

@: no status effects
A: no striking features
a: no special abilities


You were on level 2 of the Dungeon.
You were not hungry.

You visited 1 branch of the dungeon, and saw 2 of its levels.

You collected 67 gold pieces.

Inventory:

Armour
 a - a +0 robe (worn)
 e - a +0 helmet (worn)
Jewellery
 i - a ring of fire (left hand)
Scrolls
 b - a scroll of enchant weapon {unknown}
 d - a scroll of random uselessness {unknown}
 g - a scroll of remove curse {unknown}
Potions
 h - a potion of curing {unknown}
Comestibles
 c - 3 rations


   Skills:
 + Level 3.0 Dodging
 - Level 2.4 Stealth
 + Level 3.5 Spellcasting
 * Level 5.0 Conjurations


You had 6 spell levels left.
You knew the following spells:

 Your Spells              Type           Power        Failure   Level  Hunger
a - Magic Dart            Conj           ###.         1%          1    None
b - Searing Ray           Conj           ###...       2%          2    ##.....

Your spell library contained the following spells:

 Spells                   Type           Power        Failure   Level  Hunger
 Dazzling Spray           Conj/Hex       ##....       14%         3    ###....
 Iskenderun's Mystic Bla  Conj           ###.....     17%         4    ####...
 Force Lance              Conj/Tloc      ##......     43%         4    ####...
 Fulminant Prism          Conj/Hex       ##........   43%         4    ####...


Dungeon Overview and Level Annotations

Branches:
Dungeon (2/15)

Altars:

Annotations:
D:2 Sigmund


Message History

Aim: Sigmund, wielding a +0 scythe and wearing a +0 robe (lightly wounded)
The searing ray hits Sigmund.
Sigmund is moderately wounded. (Press . to maintain the ray.)
Casting: Searing Ray (safe; 2% risk of failure)
Confirm with . or Enter, or press ? or * to list all spells.
Aiming: Searing Ray (safe; 2% risk of failure)
Press: ? - help, Shift-Dir - straight line, f/p - Sigmund
Aim: Sigmund, wielding a +0 scythe and wearing a +0 robe (moderately wounded)
The searing ray hits Sigmund.
Sigmund is moderately wounded. (Press . to maintain the ray.) Sigmund hits you from afar with a +0 scythe!
Casting: Searing Ray (safe; 2% risk of failure)
Confirm with . or Enter, or press ? or * to list all spells.
Okay, then.
Sigmund gestures at you while chanting. You resist with some effort.
Sigmund hits you from afar with a +0 scythe!
You die...

#......###.#........<.#
....##..##.#......)...###
.#.####.##.#...........(#####
#..# #....#..........#.....#
..## ###..##........######.#
.# #######<#..........##....#
. #..........@..........####
# #..................####
.............@.....#
#<.......[.........#
########..........##
##.#......## #.#####.##
#....#>.# ####.#.## #...#
#####


You could see Sigmund.

Vanquished Creatures
  2 dart slugs (D:1)
  A ball python (D:2)
  3 bats
  5 goblins
  4 hobgoblins (D:1)
  2 jackals (D:1)
  A quokka (D:2)
  3 kobolds
  5 rats
26 creatures vanquished.

Vanquished Creatures (others)
  4 toadstools (D:1)
4 creatures vanquished.

Grand Total: 30 creatures vanquished

Notes
Turn   | Place    | Note
-------+----------+-------------------------------------------
     0 | D:1      | Nattfarinn the Deep Elf Conjurer began the quest for the
                  | Orb.
     0 | D:1      | Reached XP level 1. HP: 10/10 MP: 6/6
   341 | D:1      | Reached XP level 2. HP: 9/15 MP: 5/8
  1016 | D:2      | Reached skill level 5 in Conjurations
  1018 | D:2      | Reached XP level 3. HP: 19/19 MP: 6/10
  1099 | D:2      | Noticed Sigmund
  1143 | D:2      | Learned a level 2 spell: Searing Ray
  1398 | D:2      | Slain by Sigmund

Levels and vault maps discovered:
D:1:      ldierk_walled_garden_2, layout_basic
D:2:      layout_rooms, grunt_qazlal_clouds, uniq_sigmund, uniq_terence

Skill      XL: |  1  2 |
---------------+-------+-----
Dodging        | 3 |  3.0
Conjurations   | 5 |  5.0
Stealth        | |  2.4
Spellcasting   | |  3.5

Action                   || total
-------------------------++-------
 Cast: Magic Dart        ||    54
       Searing Ray       ||     6
  Eat: Chunk             ||     1
Dodge: Dodged            ||     4
